AoeStats
← Resse

Arabia

509605853Analyzed
1v1 RM · 6d ago on Sep 27, 2026· 25m 37s· 2 players
Game mode
Random Map
Map size
Tiny (2 player)
Population
200
Speed
Normal
Resources
Standard
Victory
Conquest
Starting age
Dark Age
Ending age
Imperial Age
RankedLock teamsTeams togetherTeam positionsShared explorationLock speedFull tech treeHidden civsTurbo modeCheats
Victory
Defeat
🇨🇿 Goths · Czechia
1011
+16
🇵🇪 Lithuanians · Peru
1016
-16
Resse
8:08 Loom
10:03 Feudal Age
10:58 Man-at-Arms
22:16 Castle Age
22:14 Horse Collar
22:24 Double-Bit Axe
22:44 Long Swordsman
23:50 Elite Skirmisher
24:40 Fletching
24:50 Padded Archer Armor
Thony
5:37 Loom
11:12 Feudal Age
11:47 Double-Bit Axe
11:47 Horse Collar
17:35 Fletching
Connection lost

Rejoining the realm…

Still unreachable

The connection could not be restored.

Session expired

The server has moved on; the page needs a fresh start.